 Dungeon Crawl Stone Soup version 0.29-a0-284-gf9362112df (webtiles) character file.

Game seed: 17505656427473874375

9 Krypt the Slasher (level 2, 29/29 HPs)
             Began as a Gnoll Cinder Acolyte on Mar 16, 2022.
             Quit the game on level 1 of the Dungeon on Mar 28, 2022.
             The game lasted 00:02:19 (316 turns).

Krypt the Slasher (Gnoll Cinder Acolyte)             Turns: 316, Time: 00:02:19

Health: 29/29      AC:  2    Str: 13    XL:     2   Next: 16%
Magic:  5/5        EV: 11    Int: 13    God:
Gold:   0          SH:  0    Dex:  7    Spells: 6/6 levels left

rFire   . . .      SeeInvis .   a - -1 falchion (flame)
rCold   . . .      Faith    .   (no shield)
rNeg    . . .      Spirit   .   b - +0 robe
rPois   .          Reflect  .   (no helmet)
rElec   .          Harm     .   (no cloak)
rCorr   .          Rampage  .   (no gloves)
Will    .....                   (no boots)
Stlth   +.........              (no amulet)
HPRegen 0.09/turn               (no ring)
MPRegen 0.09/turn               (no ring)

@: fire susceptible
A: fangs 1, strong nose, distributed training
a: no special abilities


You were on level 1 of the Dungeon.
You visited 1 branch of the dungeon, and saw 2 of its levels.

Inventory:

Hand Weapons
 a - a -1 falchion of flaming (weapon)
Armour
 b - a +0 robe (worn)
Scrolls
 c - 3 scrolls of amnesia {unknown}


   Skills:
 + Level 6.4 Fighting
 + Level 0.3 Short Blades
 + Level 6.4 Long Blades
 + Level 0.3 Axes
 + Level 0.3 Maces & Flails
 + Level 0.3 Polearms
 + Level 0.3 Staves
 + Level 0.3 Slings
 + Level 0.3 Bows
 + Level 0.3 Crossbows
 + Level 0.3 Throwing
 + Level 0.3 Armour
 + Level 0.3 Dodging
 + Level 0.3 Stealth
 + Level 0.3 Shields
 + Level 0.3 Unarmed Combat
 + Level 2.7 Spellcasting
 + Level 0.2 Conjurations
 + Level 0.2 Hexes
 + Level 0.2 Summonings
 + Level 0.2 Necromancy
 + Level 0.2 Translocations
 + Level 0.2 Transmutations
 + Level 5.3 Fire Magic
 + Level 0.2 Ice Magic
 + Level 0.2 Air Magic
 + Level 0.2 Earth Magic
 + Level 0.2 Poison Magic
 + Level 0.4 Invocations
 + Level 0.3 Evocations


You had 6 spell levels left.
You didn't know any spells.
Your spell library contained the following spells:

 Spells                   Type           Power      Damage    Failure   Level
 Scorch                   Fire           30%        2d6       4%          2


Dungeon Overview and Level Annotations

Branches:
Dungeon (2/15)

Altars:

Shops:
D:1 *


Innate Abilities, Weirdness & Mutations

You have very sharp teeth.
Your uncanny sense of smell can sniff out nearby items.
Your experience applies equally to all skills.


Message History

The giant cockroach is almost dead.
The giant cockroach misses you.
You hit the giant cockroach but do no damage.
The giant cockroach is almost dead.
The giant cockroach bites you.
You hit the giant cockroach. You burn the giant cockroach.
You kill the giant cockroach!
You see here a giant cockroach corpse.
You hit the goblin. You burn the goblin.
The goblin is heavily wounded.
The goblin barely misses you.
You completely miss the goblin.
The goblin is heavily wounded.
The goblin barely misses you.
You closely miss the goblin.
The goblin is heavily wounded.
The goblin misses you.
You barely miss the goblin.
The goblin is heavily wounded.
The goblin hits you but does no damage.
You hit the goblin. You burn the goblin.
You kill the goblin!
No target in view!
No target in view!
No target in view!
No target in view!
No target in view!
No target in view!
No target in view!
No target in view!
No target in view!
No target in view!
No target in view!
No target in view!
No target in view!
Things that are here:
a +0 dagger; a goblin corpse Welcome back, Krypt the Gnoll Cinder Acolyte.
Press ? for a list of commands and other information.
Are you sure you want to abandon this character and quit the game? (Confirm with "yes".)

#...................
#...............#....
.............######..
##...........# ##.
#..........#.. #.
...............
##########################
##.♣.♣.8.♣.♣.♣.8.♣.♣.♣.♣
#..............†@.......
#..♣.8.♣.♣.♣.♣.♣.♣.♣.♣.♣
#.################ #
#.#........ #.†...>....
###^....... #........
#########


There were no monsters in sight!

Vanquished Creatures
  An endoplasm (D:1)
  A giant cockroach (D:1)
  2 goblins (D:1)
  2 bats (D:1)
  3 rats (D:1)
9 creatures vanquished.

Vanquished Creatures (others)
  165 foxfires (D:1)
165 creatures vanquished.

Grand Total: 174 creatures vanquished

Notes
Turn   | Place    | Note
-------+----------+-------------------------------------------
     0 | D:1      | Krypt the Gnoll Cinder Acolyte began the quest for the Orb.
     0 | D:1      | Reached XP level 1. HP: 23/23 MP: 4/4
    95 | D:1      | Found Wonedwiy's General Store.
   156 | D:1      | Fell from the grace of Ignis
   159 | D:1      | Reached XP level 2. HP: 19/29 MP: 5/5
   316 | D:1      | Quit the game

Illustrated notes

Levels and vault maps discovered:
D:1:      minmay_arrival_arboretum_small, layout_rooms, serial_shops,
          nicolae_shop_statue_plus, chequers_avenue, amcnicky_mini_pool_small,
          minivault_26
D:2:      wad_river_or_something, layout_basic, serial_shops, shop, uniq_terence

Action                   || total
-------------------------++-------
Melee: Falchion          ||    30
       Bite              ||     4
Invok: Foxfire Swarm     ||     9
       Rising Flame      ||     1
       Renounce Religion ||     1
Armor: Robe              ||    16
Dodge: Dodged            ||    31

Table legend: (Time is in decaauts)
 A = Elapsed time spent in this place.
 B = Non-inter-level travel time spent in this place.
 C = Inter-level travel time spent in this place.
 D = Time resting spent in this place.
 E = Time spent auto-exploring this place.
 F = Levels seen in this place.
 G = Mean time per level.
                   A        B        C        D        E       F      G
               +--------+--------+--------+--------+--------+-----+--------+
         Total |    315 |    311 |      4 |      0 |    200 |   2 |  157.5 |
       Dungeon |    315 |    311 |      4 |      0 |    200 |   2 |  157.5 |
               +--------+--------+--------+--------+--------+-----+--------+

Top non-repeatable levels by time:
     D:1: 312 daAuts
     D:2: 3 daAuts
